AoeStats
← DoYouThinkThatsWise

Arabia

510368514Analyzed
1v1 RM · 11h ago on Sep 30, 2026· 41m 32s· 2 players
Game mode
Random Map
Map size
Tiny (2 player)
Population
200
Speed
Normal
Resources
Standard
Victory
Conquest
Starting age
Dark Age
Ending age
Imperial Age
RankedLock teamsTeams togetherTeam positionsShared explorationLock speedFull tech treeHidden civsTurbo modeCheats
Victory
Defeat
🇬🇧 Koreans · United Kingdom
1293
+16
🇷🇺 Dravidians · Russia
1295
-16
DoYouThinkThatsWise
5:58 Loom
9:04 Feudal Age
10:05 Double-Bit Axe
14:10 Horse Collar
21:13 Castle Age
20:26 Fletching
23:46 Bow Saw
23:36 Crossbowman
28:02 Bodkin Arrow
30:18 Ballistics
30:55 Thumb Ring
37:34 Imperial Age
36:44 Wheelbarrow
36:37 Town Watch
38:10 Gold Mining
38:33 Heavy Plow
38:55 Arbalester
39:40 Bracer
40:45 Chemistry
41:19 Siege Engineers
_Rasta_
7:15 Loom
9:46 Feudal Age
11:35 Double-Bit Axe
18:02 Wheelbarrow
17:30 Horse Collar
22:13 Castle Age
20:33 Fletching
20:37 Gold Mining
23:10 Bodkin Arrow
23:53 Hand Cart
23:20 Crossbowman
23:29 Elite Skirmisher
24:24 Thumb Ring
24:22 Crossbowman
25:39 Padded Archer Armor
27:13 Town Watch
33:59 Imperial Age
32:48 Bow Saw
36:18 Bracer
37:23 Chemistry
37:23 Conscription
Connection lost

Rejoining the realm…

Still unreachable

The connection could not be restored.

Session expired

The server has moved on; the page needs a fresh start.